 Dungeon Crawl Stone Soup version 0.24.1 (webtiles) character file.

Game seed: 7323981306715093095, levelgen mode: deterministic

595 Peloso the Shield-Bearer (level 7, -4/61 HPs)
             Began as a Minotaur Fighter on Apr 7, 2020.
             Was a Follower of Okawaru.
             Slain by an ogre
             ... wielding a +0 giant club
              (27 damage)
             ... on level 5 of the Dungeon.
             The game lasted 00:08:26 (4175 turns).

Peloso the Shield-Bearer (Minotaur Fighter)         Turns: 4175, Time: 00:08:26

Health: -4/61      AC:  7    Str: 21    XL:     7   Next: 16%
Magic:  6/6        EV:  8    Int:  5    God:    Okawaru [*.....]
Gold:   223        SH: 10    Dex: 11    Spells: 6/6 levels left

rFire    . . .     SeeInvis .   a - +0 long sword
rCold    . . .     Gourm    .   c - +0 shield
rNeg     . . .     Faith    .   b - +0 scale mail
rPois    .         Spirit   .   (helmet restricted)
rElec    .         Reflect  .   (no cloak)
rCorr    .         Harm     .   (no gloves)
MR       .....                  (no boots)
Stlth    ..........             h - amulet of magic regeneration
HPRegen  0.20/turn              (no ring)
MPRegen  0.35/turn              (no ring)

@: no status effects
A: retaliatory headbutt, horns 2
a: Heroism, Renounce Religion


You were on level 5 of the Dungeon.
You worshipped Okawaru.
Okawaru was aware of your devotion.
You were very hungry.

You visited 2 branches of the dungeon, and saw 6 of its levels.

You collected 223 gold pieces.

Inventory:

Hand Weapons
 a - a +0 long sword (weapon)
 n - a +2 trident of flaming
Armour
 b - a +0 scale mail (worn)
 c - a +0 shield (worn)
Jewellery
 h - an amulet of magic regeneration (around neck)
Wands
 m - a wand of polymorph (7)
Scrolls
 e - 2 scrolls of random uselessness {unknown}
 g - 2 scrolls of remove curse {unknown}
 j - 3 scrolls of amnesia {unknown}
 o - a scroll of fear
 q - a scroll of teleportation {unknown}
 r - a scroll of identify
 s - a scroll of blinking {unknown}
Potions
 d - a potion of might
 i - a potion of heal wounds
 k - 2 potions of brilliance
 l - a potion of curing
 p - 3 potions of haste
Comestibles
 f - 4 rations


   Skills:
 + Level 5.4 Fighting
 + Level 5.6 Long Blades
 + Level 5.4 Armour
 + Level 1.7 Dodging
 + Level 5.7 Shields


You had 6 spell levels left.
You didn't know any spells.
Your spell library contained the following spells:

 Spells                   Type           Power        Failure   Level  Hunger
 Beastly Appendage        Tmut           #.....       99%         1    ##.....
 Sticks to Snakes         Tmut           #.......     100%        2    ###....
 Spider Form              Tmut/Pois      #.........   100%        3    ####...
 Ice Form                 Ice/Tmut       #.......     100%        4    #####..
 Blade Hands              Tmut           #.........   100%        5    ######.


Dungeon Overview and Level Annotations

Branches:
Dungeon (5/15)             Temple (1/1) D:4

Altars:
Ashenzari
Elyvilon
Kikubaaqudgha
Okawaru
Trog
Wu Jian
Yredelemnul
Zin
Jiyva


Innate Abilities, Weirdness & Mutations

You reflexively headbutt those who attack you in melee.
You have a pair of horns on your head.


Message History

Done waiting.
There is a stone staircase leading down here.
You climb downwards.
The ogre hits you with a +0 giant club!
There is a stone staircase leading up, spattered with blood here.
Unknown command.
You slash the ogre!
You headbutt the ogre, but do no damage.
The ogre is moderately wounded.
The ogre hits you with a +0 giant club.
You slash the ogre!
The ogre is severely wounded.
The ogre hits you with a +0 giant club!!
You hit the ogre but do no damage.
The ogre is severely wounded.
You block the ogre's attack.
You hit the ogre.
You headbutt the ogre, but do no damage.
The ogre is severely wounded.
The ogre hits you with a +0 giant club!!
You die...

##'## #. #####.# #.
..##.# #. ### #.##.##
#. !.##.#...## #.
#.#......# #
#....O..##
#.#.###.#.##..######.#
#...O@....##.........#
############.#########
#O# #.########
#.....[... #..######.
#..# #..# #..
#######..###.....


You could see an ogre.

Vanquished Creatures
  Eustachio (D:4)
  A hound (D:5)
  A bullfrog skeleton (D:4)
  An orc priest (D:3)
  2 orc wizards (D:5)
  2 worker ants (D:4)
  A hound skeleton (D:4)
  3 gnolls (D:3)
  9 adders
  An adder skeleton (D:4)
  3 worms
  3 dart slugs
  3 leopard geckos
  16 orcs
  3 giant cockroaches
  12 goblins
  9 hobgoblins
  13 jackals
  3 quokkas
  A ball python (D:4)
  7 bats
  7 frilled lizards
  A jackal zombie (D:5)
  4 kobolds
  9 rats
116 creatures vanquished.

Notes
Turn   | Place    | Note
-------+----------+-------------------------------------------
     0 | D:1      | Peloso the Minotaur Fighter began the quest for the Orb.
     0 | D:1      | Reached XP level 1. HP: 19/19 MP: 0/0
    62 | D:1      | Reached XP level 2. HP: 24/27 MP: 1/1
   552 | D:2      | Reached XP level 3. HP: 33/33 MP: 2/2
   661 | D:2      | Found an iron altar of Okawaru.
   707 | D:2      | Became a worshipper of Warmaster Okawaru
   755 | D:2      | Found a glowing silver altar of Zin.
   772 | D:2      | Reached XP level 4. HP: 34/40 MP: 3/3
  1599 | D:3      | Reached XP level 5. HP: 19/47 MP: 4/4
  1624 | D:3      | Reached skill level 1 in Dodging
  1869 | D:3      | Found a bloodstained altar of Trog.
  1972 | D:3      | Found a white marble altar of Elyvilon.
  2032 | D:3      | Reached skill level 5 in Fighting
  2105 | D:3      | Found a basalt altar of Yredelemnul.
  2342 | D:4      | Reached skill level 5 in Shields
  2403 | D:4      | Found an ancient bone altar of Kikubaaqudgha.
  2412 | D:4      | Reached XP level 6. HP: 27/56 MP: 5/5
  2501 | D:4      | Found a staircase to the Ecumenical Temple.
  2522 | Temple   | Entered the Ecumenical Temple
  3026 | D:4      | Noticed Eustachio
  3042 | D:4      | Killed Eustachio
  3042 | D:4      | Reached * piety under Okawaru
  3042 | D:4      | Reached skill level 5 in Long Blades
  3042 | D:4      | Reached skill level 5 in Armour
  3382 | D:5      | Entered Level 5 of the Dungeon
  3452 | D:5      | Reached XP level 7. HP: 61/61 MP: 6/6
  4175 | D:5      | Slain by an ogre

Levels and vault maps discovered:
D:1:      minmay_arrival_checkered_box, layout_rooms, minmay_heptomino_d4
D:2:      layout_basic, lemuel_crystal_altar, zin_academy, wad_orctagon
D:3:      layout_basic, lemuel_round_altar, yredelemnul_altar_generic,
          hangedman_decor_points, grunt_ministairs_1, elyvilon_altar_3
D:4:      layout_cave_pods, old_standard_altar, minmay_temple_entry_ruins,
          serial_rivers, chequers_serial_rivers_micro_b,
          chequers_serial_rivers_micro_a, chequers_serial_rivers_room_a,
          chequers_serial_rivers_large_a, chequers_serial_rivers_micro_c,
          uniq_eustachio
D:5:      layout_loops_corners, first_ration
Temple:   pf_slimified_temple

Skill      XL: |  1  2  3  4  5  6 |
---------------+-------------------+-----
Fighting       | 4 5 |  5.4
Shields        | 4 5 |  5.7
Armour         | 4 5 |  5.4
Long Blades    | 3 4 5 |  5.6
Dodging        | 1 |  1.7

Action                   |  1- 3 |  4- 6 |  7- 9 || total
-------------------------+-------+-------+-------++-------
Melee: Long sword        |    99 |   165 |    35 ||   299
       Headbutt          |     9 |    35 |     7 ||    51
  Use: Potion            |     2 |       |       ||     2
       Scroll            |       |       |     4 ||     4
  Eat: Chunk             |       |     6 |       ||     6
       Ration            |       |     1 |       ||     1
Armor: Scale mail        |    50 |    75 |    14 ||   139
Dodge: Dodged            |    46 |    59 |    10 ||   115
Block: Shield            |    71 |   123 |    23 ||   217
       Rpst.: Long sword |    12 |    21 |     1 ||    34
